 Dungeon Crawl Stone Soup version 0.22-a0-542-gce4f928 (webtiles) character file.

26 iamserjio the Skirmisher (level 2, 6/26 HPs)
             Began as a Draconian Monk on June 24, 2018.
             Quit the game on level 2 of the Dungeon.
             The game lasted 00:02:56 (325 turns).

iamserjio the Skirmisher (Draconian Monk)            Turns: 325, Time: 00:02:57

Health: 6/26       AC:  5    Str: 13    XL:     2   Next: 89%
Magic:  2/2        EV: 13    Int: 10    God:
Gold:   39         SH:  0    Dex: 13    Spells: 1/1 levels left

rFire    . . .     SeeInvis .     - Unarmed
rCold    . . .     Gourm    .   (no shield)
rNeg     . . .     Faith    .   (armour unavailable)
rPois    .         Spirit   .   (helmet restricted)
rElec    .         Reflect  .   g - +0 cloak
rCorr    .         Harm     .   (no gloves)
MR       .....                  (no boots)
Stlth    ++........             (no amulet)
HPRegen  0.08/turn              (no ring)
MPRegen  0.08/turn              (no ring)

@: lethally poisoned (6 -> -2)
A: unfitting armour, cold-blooded, AC +4
a: no special abilities


You were on level 2 of the Dungeon.
You were not hungry.

You visited 1 branch of the dungeon, and saw 2 of its levels.

You collected 39 gold pieces.

Inventory:

Missiles
 c - 9 poisoned needles
 f - 27 stones (quivered)
Armour
 g - a +0 cloak (worn)
Scrolls
 d - a scroll of identify {@r1}
 e - a scroll of remove curse {@r2}
Comestibles
 a - 2 rations


   Skills:
 + Level 3.6 Fighting
 - Level 3.0 Dodging
 - Level 1.7 Stealth
 * Level 3.6 Unarmed Combat


You had one spell level left.
You didn't know any spells.
Your spell library was empty.

Dungeon Overview and Level Annotations

Branches:
Dungeon (2/15)

Altars:


Innate Abilities, Weirdness & Mutations

Your plain brown scales are hard. (AC +4)
You cannot fit into any form of body armour.
You are cold-blooded and may be slowed by cold attacks.


Message History

You miss the adder.
Your tail-slap misses the adder.
The adder is moderately wounded.
The adder bites you.
You are lethally poisoned!
The adder poisons you! The adder closely misses you.
You closely miss the adder.
The adder is moderately wounded.
* * * LOW HITPOINT WARNING * * *
You feel sick. The adder bites you but does no damage.
You aren't carrying any potions.
As you read the scroll labeled ATZAFUMAE, it crumbles to dust.
It is a scroll of identify.
e - a scroll of remove curse The adder closely misses you.
As you read the scroll labeled MEFOCKEMPUS, it crumbles to dust.
The creatures around you are filled with an inner flame!
It was a scroll of immolation.
* * * LOW HITPOINT WARNING * * *
You feel sick. The adder closely misses you.
Are you sure you want to abandon this character and quit the game? (Confirm with "yes".)

#.. #...........#
#.###..####.##.##
#......# #.# #
###.##......#
#.#######.# # #.#
#.##.. #.# #.....
#.#######..#
#...@Sr....#.#
######........
#.##..... #.#
.... #.# .. #.#
#.# #.# #.#


You could see an adder (inner flame) and a rat (inner flame).

Vanquished Creatures
  An adder (D:2)
  A leopard gecko (D:1)
  A ball python (D:2)
  2 bats (D:1)
  2 goblins (D:1)
  A hobgoblin (D:1)
  3 jackals (D:1)
  2 frilled lizards
  2 kobolds
15 creatures vanquished.

Notes
Turn   | Place    | Note
-------+----------+-------------------------------------------
     0 | D:1      | iamserjio the Draconian Monk began the quest for the Orb.
     0 | D:1      | Reached XP level 1. HP: 19/19 MP: 1/1
   163 | D:2      | Reached XP level 2. HP: 10/26 MP: 2/2
   325 | D:2      | Quit the game

Vault maps used:
D:1:      giann_forest_graveyard, lemuel_another_geyser

Skill      XL: |  1  2 |
---------------+-------+-----
Dodging        | 3 |  3.0
Fighting       | |  3.6
Stealth        | |  1.7
Unarmed Combat | |  3.6

Action                   || total
-------------------------++-------
Melee: Unarmed           ||    55
       Tailslap          ||     6
  Use: Scroll            ||     2
 Stab: Sleeping          ||     2
Armor: Skin              ||    18
Dodge: Dodged            ||    49

Table legend:
 A = Spawn XP
 B = Non-spawn XP
 C = Spawn XP percentage of total XP
 D = Spawn monster count
 E = Non-spawn monster count
 F = Spawn count percentage of total count
 G = Total turns spent on level
                    A         B        C        D         E        F      G
               +---------+---------+-------+---------+---------+-------+---------
         Total |       0 |      38 |   0.0 |       0 |      15 |   0.0 |   325
               +---------+---------+-------+---------+---------+-------+---------
           D:1 |       0 |      21 |   0.0 |       0 |      11 |   0.0 |   214
           D:2 |       0 |      17 |   0.0 |       0 |       4 |   0.0 |   111
               +---------+---------+-------+---------+---------+-------+---------
